 Dungeon Crawl Stone Soup version 0.17-a0-2220-g6fea741 (webtiles) character file.

663 HaroldButt the Insei (level 7, -2/52 HPs)
             Began as a Black Draconian Transmuter on Oct 28, 2015.
             Slain by Nico3ck's ghost (7 damage)
             ... on level 4 of the Dungeon.
             The game lasted 00:12:49 (4164 turns).

HaroldButt the Insei (Black Draconian Transmuter)   Turns: 4164, Time: 00:12:49

Health: -2/52      AC:  8    Str: 13    XL:     7   Next: 31%
Magic:  10/10      EV: 12    Int: 13    God:
Gold:   208        SH:  0    Dex: 13    Spells: 3 memorised, 2 levels left

rFire  . . .     SeeInvis .       - Unarmed
rCold  . . .     Clarity  .     (armour unavailable)
rNeg   . . .     SustAt   .     (no shield)
rPois  .         Gourm    .     (helmet restricted)
rElec  +         Spirit   .     i - +1 cloak
rCorr  .         Warding  .     (no gloves)
rMut   .         Stasis   .     (no boots)
MR     .....                    (no amulet)
Stlth  +.........               (no ring)
                                u - ring of flight

@: short of breath, not resistant to hostile enchantments, very unstealthy
A: breathe lightning, unfitting armour, electricity resistance, cold-blooded, AC
+6
a: Breathe Lightning, Evoke Flight


You were on level 4 of the Dungeon.
You were very hungry.

You visited 1 branch of the dungeon, and saw 4 of its levels.

You collected 208 gold pieces.

Inventory:

Missiles
 a - 52 arrows
 e - 87 stones
 p - 13 poisoned needles
 t - a throwing net (quivered)
Armour
 i - a +1 cloak (worn)
Jewellery
 u - a ring of flight (left hand)
 w - an uncursed amulet of faith {unknown}
Wands
 A - a wand of frost (17)
Scrolls
 d - a scroll of fear {unknown}
 g - 3 scrolls of enchant armour {unknown}
 h - 4 scrolls of identify {unknown}
 j - 2 scrolls of recharging {unknown}
 k - 4 scrolls of teleportation {unknown}
 o - a scroll of amnesia {unknown}
 q - 2 scrolls of remove curse {unknown}
 y - a scroll of blinking {unknown}
Potions
 f - 2 potions of heal wounds {unknown}
 l - a potion of lignification {unknown}
 m - 2 potions of ambrosia {unknown}
 n - a potion of flight {unknown}
 s - a potion of agility {unknown}
 v - 2 potions of curing {unknown}
Books
 b - a book of Changes

   Spells                             Type                      Level
   a - Beastly Appendage              Transmutation                1
   b - Sticks to Snakes               Transmutation                2
   c - Spider Form                    Transmutation/Poison         3
   d - Ice Form                       Ice/Transmutation            4
   e - Blade Hands                    Transmutation                5
Comestibles
 c - 3 bread rations
 r - a beef jerky
 x - a slice of pizza


   Skills:
 - Level 1.1 Fighting
 - Level 1.7 Dodging
 * Level 7.2 Unarmed Combat
 - Level 2.0 Spellcasting
 + Level 5.0 Transmutations


You had 2 spell levels left.
You knew the following spells:

 Your Spells              Type           Power        Failure   Level  Hunger
a - Beastly Appendage     Trmt           ##....       3%          1    ##.....
b - Sticks to Snakes      Trmt           ##........   6%          2    ###....
c - Blade Hands           Trmt           ##........   85%         5    ######.


Dungeon Overview and Level Annotations

Branches:
Dungeon (4/15)
 Temple: D:4-7

Altars:
Ru

Annotations:
D:4 Nico3ck's ghost, amateur NaFi


Innate Abilities, Weirdness & Mutations

You can breathe wild blasts of lightning.
Your glossy black scales are hard (AC +6).
Your body does not fit into most forms of armour.
You are resistant to electric shocks.
You are cold-blooded and may be slowed by cold attacks.


Message History

Nico3ck's ghost hits you.
You closely miss Nico3ck's ghost. You tail-slap Nico3ck's ghost.
Nico3ck's ghost is severely damaged.
Nico3ck's ghost hits you!
You hit Nico3ck's ghost but do no damage.
Nico3ck's ghost is severely damaged.
Nico3ck's ghost completely misses you.
You hit Nico3ck's ghost.
Nico3ck's ghost is almost destroyed.
Nico3ck's ghost misses you.
You hit Nico3ck's ghost but do no damage.
You tail-slap Nico3ck's ghost, but do no damage.
Nico3ck's ghost is almost destroyed.
The orc priest invokes the aid of Beogh against you.
Something smites you!
* * * LOW HITPOINT WARNING * * *
You punch Nico3ck's ghost!
Nico3ck's ghost is almost destroyed.
Nico3ck's ghost hits you!
You die...

.......#...#.###.#.?####..#
..#.####...#.....#..#.....#
..#.####...#######..#.##..###
###.......## #..!........
#######.## #.......#... #.).#
#####o........ #...#
#oo.)o...##.#. #...#
#W###oo.....# #...# #@#
#.#..#..# #####...#####.#
#......... ..............#
###....... ..............#
#...... .............## ##.#.
#####...###### #..<# #...#
#...#


You could see an orc warrior, an orc priest and Nico3ck's ghost.

Vanquished Creatures
  Edmund (D:3)
  An ogre (D:4)
  A giant frog skeleton (D:4)
  3 orc priests (D:3)
  A gnoll shaman (D:4)
  An orc wizard (D:4)
  Robin (D:2)
  5 gnolls (D:4)
  10 adders
  An ooze (D:2)
  A worm (D:1)
  3 giant geckos
  9 orcs
  2 ball pythons
  12 bats
  12 hobgoblins
  6 jackals
  12 kobolds
  2 quokkas
  2 giant cockroaches (D:1)
  2 giant newts (D:1)
  24 goblins
  9 rats
121 creatures vanquished.

Notes
Turn   | Place    | Note
--------------------------------------------------------------
     0 | D:1      | HaroldButt the Draconian Transmuter began the quest for the Orb.
     0 | D:1      | Reached XP level 1. HP: 16/16 MP: 3/3
   266 | D:1      | Reached XP level 2. HP: 14/23 MP: 5/5
   274 | D:1      | Learned a level 2 spell: Sticks to Snakes
   728 | D:1      | Reached XP level 3. HP: 25/28 MP: 6/6
   879 | D:1      | Reached skill level 4 in Unarmed Combat
  1592 | D:2      | Reached XP level 4. HP: 27/35 MP: 7/7
  1681 | D:2      | Found a sacrificial altar of Ru.
  1753 | D:2      | Noticed Robin
  1813 | D:2      | Killed Robin
  1982 | D:2      | Reached skill level 5 in Unarmed Combat
  1996 | D:2      | Reached XP level 5. HP: 29/40 MP: 8/8
  2017 | D:2      | Learned a level 5 spell: Blade Hands
  3088 | D:3      | Reached XP level 6. HP: 41/47 MP: 9/9
  3317 | D:4      | Reached skill level 6 in Unarmed Combat
  3606 | D:4      | Noticed Nico3ck's ghost (amateur NaFi)
  3636 | D:4      | Your scales start taking on a glossy black colour.
  3636 | D:4      | Gained mutation: You are resistant to electric shocks. [Black Draconian growth]
  3636 | D:4      | Reached XP level 7. HP: 14/52 MP: 2/10
  3644 | D:4      | Noticed Edmund
  3869 | D:3      | Killed Edmund
  3869 | D:3      | Reached skill level 7 in Unarmed Combat
  4153 | D:4      | Reached skill level 5 in Transmutations
  4164 | D:4      | Slain by Nico3ck's ghost

Vault maps used:
D:1:      dpeg_arrival_signposts
D:2:      overflow_temple_1_default, uniq_robin
D:4:      yredelemnul_forgotten_temple_becter, uniq_menkaure, uniq_duvessa,
          uniq_edmund

Action                   |  1- 3 |  4- 6 |  7- 9 || total
-------------------------+-------+-------+-------++-------
Melee: Unarmed           |   182 |   284 |    38 ||   504
Throw: Stone             |       |     1 |       ||     1
       Throwing net      |       |     1 |       ||     1
 Cast: Beastly Appendage |     1 |     2 |       ||     3
       Sticks to Snakes  |       |     5 |       ||     5
 Abil: Breathe Lightning |       |       |     4 ||     4
 Stab: Distracted        |     1 |       |       ||     1
       Sleeping          |       |     4 |       ||     4
  Eat: Chunk             |     1 |     8 |     2 ||    11
